cohdb
Replays
Latest Replays
All Replays
Popular Replays
Top Player Replays
Match Explorer
How It Works
Community
CoH3 Stats
Reddit
Sign in to upload your games and track your stats! →
Sign in with Steam
Air and Sea vs Italian Infantry
Match 28481189
Overview
Messages
Build Orders
End
Kradschützen Motorcycle Team
Selects Italian Infantry
Panzergrenadier Squad
250 Light Carrier
Construct Light Support Kompanie
MG34 Team
Construct Mechanized Kompanie
Combat Half-tracks
8 Rad Armored Car
Selects Guastatori Squad
Guastatori Squad
Panzerjäger Mechanized Group
8 Rad Armored Car
Selects Registered Artillery
Guastatori Squad
Kradschützen Motorcycle Team
Construct Panzerarmee Kommand
Construct Panzerarmee Kommand
Registered Artillery
Flak 36 Anti-tank Gun Team
Armored Reserves
Registered Artillery
JBQuib
GrilledOnigiri
0
0
Comments
sign in to comment!
No comments posted yet!